 Dungeon Crawl Stone Soup version 0.21.1-1-g345015fe64 (webtiles) character file.

4970 Denreik the Basher (level 10, 0/83 HPs)
             Began as a Formicid Fighter on July 9, 2018.
             Was a Follower of Cheibriados.
             Killed by vampiric draining
             ... invoked by Josephine
              (14 damage)
             ... on level 11 of the Dungeon.
             The game lasted 00:40:35 (10128 turns).

Denreik the Basher (Formicid Fighter)              Turns: 10128, Time: 00:40:35

Health: 0/83       AC: 12    Str: 33    XL:     10   Next: 82%
Magic:  11/11      EV:  9    Int: 12    God:    Cheibriados [*.....]
Gold:   482        SH: 11    Dex: 14    Spells: 3/11 levels left

rFire    . . .     SeeInvis +   B - +6 flail (protect)
rCold    + . .     Gourm    .   c - +0 shield
rNeg     . . .     Faith    .   M - +0 troll leather armour
rPois    .         Spirit   .   (helmet unavailable)
rElec    .         Reflect  .   (no cloak)
rCorr    +         Harm     .   (no gloves)
MR       +....                  R - +0 pair of boots of the Secret Hells {Regen+ rCorr Str+3}
Stlth    ++........             (no amulet)
HPRegen  1.03/turn              N - ring of stealth
MPRegen  0.12/turn              S - ring of protection from cold

@: mighty, protection aura, heavily drained, very slow
A: permanent stasis, dig shafts and tunnels, four strong arms, antennae 3
a: Dig, Shaft Self, Bend Time, Renounce Religion


You were on level 11 of the Dungeon.
You worshipped Cheibriados.
Cheibriados was aware of your devotion.
You were hungry.

You visited 2 branches of the dungeon, and saw 13 of its levels.

You collected 482 gold pieces.

Inventory:

Hand Weapons
 a - a +0 quarterstaff
 e - a +1 mace of crushing
 B - a +6 flail of protection (weapon)
 C - a +0 hunting sling
 G - a +1 mace of protection
 J - a cursed -3 mace
Missiles
 k - 81 sling bullets
 y - 4 tomahawks
 I - 7 poisoned needles
 T - a javelin (quivered)
Armour
 b - a +0 scale mail
 c - a +0 shield (worn)
 M - a +0 troll leather armour (worn)
 Q - a cursed +0 leather armour
 R - the +0 pair of boots of the Secret Hells (worn) {Regen+ rCorr Str+3}
   (You found it on level 8 of the Dungeon)

   It affects your strength (+3).
   It increases your rate of regeneration.
   It protects you from acid and corrosion.
Jewellery
 L - an uncursed ring of flight
 N - a ring of stealth (left hand)
 S - a ring of protection from cold (right hand)
 V - an uncursed ring of resist corrosion
Wands
 z - a wand of iceblast (6)
 D - a wand of flame (21)
 E - a wand of paralysis (11)
 O - a wand of disintegration (10)
Scrolls
 h - 2 scrolls of teleportation
 i - a scroll of remove curse {unknown}
 l - 3 scrolls of identify
 m - a scroll of enchant weapon {unknown}
 p - a scroll of immolation {unknown}
 t - a scroll of blinking {unknown}
 v - 3 scrolls of noise
 H - a scroll of fear {unknown}
 U - a scroll of random uselessness {unknown}
Potions
 d - a potion of might
 j - 4 potions of haste
 n - a potion of invisibility {unknown}
 o - 2 potions of curing
 q - 2 potions of magic
 r - a potion of lignification {unknown}
 s - 3 potions of brilliance {unknown}
 u - a potion of flight {unknown}
 x - 2 potions of mutation
 A - 2 potions of degeneration {unknown}
Books
 w - a book of Changes

   Spells                             Type                      Level
   a - Beastly Appendage              Transmutation                1
   b - Sticks to Snakes               Transmutation                2
   c - Spider Form                    Transmutation/Poison         3
   d - Ice Form                       Ice/Transmutation            4
   e - Blade Hands                    Transmutation                5
 F - a book of the Warp

   Spells                             Type                      Level
   a - Gell's Gravitas                Translocation                3
   b - Portal Projectile              Hexes/Translocation          3
   c - Force Lance                    Conjuration/Translocation    4
   d - Dispersal                      Translocation                6
   e - Controlled Blink               Translocation                8
   f - Disjunction                    Translocation                8
 K - a book of Battle

   Spells                             Type                      Level
   a - Infusion                       Charms                       1
   b - Shroud of Golubria             Charms/Translocation         2
   c - Song of Slaying                Charms                       2
   d - Spectral Weapon                Hexes/Charms                 3
   e - Regeneration                   Charms/Necromancy            3
Comestibles
 f - 16 rations
 P - 15 chunks of flesh


   Skills:
 - Level 9.0(7.4) Fighting
 - Level 10.0(8.5) Maces & Flails
 - Level 2.0(5.1) Staves
 - Level 4.1(2.7) Throwing
 - Level 3.2(1.9) Armour
 - Level 5.0(3.6) Shields
 - Level 1.1(0.0) Spellcasting
 * Level 6.3(4.8) Charms


You had 3 spell levels left.
You knew the following spells:

 Your Spells              Type           Power        Failure   Level  Hunger
a - Infusion              Chrm           ##..         16%         1    ##.....
b - Shroud of Golubria    Chrm/Tloc      #.........   54%         2    ###....
c - Song of Slaying       Chrm           ##......     24%         2    ###....
d - Spectral Weapon       Hex/Chrm       #.......     78%         3    ####...


Dungeon Overview and Level Annotations

Branches:
Dungeon (13/15)            Temple (1/1) D:7
   Lair: D:8-11         Orc: D:9-12      Vaults: D:13-14

Altars:
Ashenzari
Cheibriados
Dithmenos
Elyvilon
Fedhas
Gozag
Kikubaaqudgha
Makhleb
Okawaru
Qazlal
Ru
Sif Muna
Trog
Uskayaw
Vehumet
Wu Jian
Zin
The Shining One

Shops:
D:5 :

Annotations:
D:5 bookshop, Thargor's ghost, novice DDFi
D:11 Josephine


Innate Abilities, Weirdness & Mutations

You cannot be hasted, slowed, berserked, paralysed or teleported.
You can dig through walls and to a lower floor.
Your four strong arms can wield two-handed weapons with a shield.
You have a pair of large antennae on your head. (SInv)


Message History

Josephine is infused with unholy energy.
* * * LOW HITPOINT WARNING * * *
Josephine draws life force from you and is healed!
You feel very mighty all of a sudden. Josephine hits you with a dagger.
* * * LOW HITPOINT WARNING * * *
You bludgeon Josephine!!
Josephine is heavily wounded.
You block Josephine's attack. Josephine hits you with a dagger.
* * * LOW HITPOINT WARNING * * *
Your shield prevents you from hitting Josephine.
Josephine is heavily wounded.
You block Josephine's attack.
You thump Josephine!
Josephine is severely wounded.
You block Josephine's attack.
You barely miss Josephine.
Josephine is severely wounded.
Josephine is infused with unholy energy.
You die...

#...#..
###.....#
..#..... . #.#..
. ...W #.#.#.#
.....#.#.#.#.#
#.:.......#
#####l#+###
#@@W...## .. .
###.....###..
..####..........
..............#
..........>...+
..............#
..####......(##
. ##.....##
##...##


You could see Josephine, a wraith and an iguana.

Vanquished Creatures
  Pikel (D:6)
  A troll (D:11)
  3 hippogriffs
  A spriggan (D:7)
  4 yaks (D:11)
  3 wraiths (D:11)
  Edmund (D:6)
  3 ice beasts
  A sky beast (D:7)
  A slave (D:6)
  A hornet zombie (D:8)
  A black bear (D:6)
  A necrophage (D:7)
  3 ogres
  2 centaurs (D:5)
  A big kobold (D:8)
  6 bullfrogs
  4 scorpions
  A wyvern skeleton (D:7)
  4 howler monkeys
  2 centaur zombies
  A crimson imp (D:6)
  2 hounds
  3 iguanas
  Ijyb (D:5)
  2 hound skeletons (D:6)
  4 gnolls (D:4)
  13 river rats (D:5)
  13 adders
  A shadow imp (D:7)
  An ooze (D:1)
  A worm (D:4)
  2 dart slugs
  6 leopard geckos
  7 orcs
  2 ball pythons
  9 bats
  2 giant cockroaches
  3 goblins (D:1)
  11 hobgoblins
  8 jackals (D:6)
  11 kobolds
  9 quokkas
  A ball python skeleton (D:2)
  2 frilled lizards
  2 quokka zombies (D:5)
  21 rats
183 creatures vanquished.

Vanquished Creatures (others)
  A worm (D:6)
  A giant cockroach zombie (D:6)
  3 fungi (D:8)
5 creatures vanquished.

Grand Total: 188 creatures vanquished

Notes
Turn   | Place    | Note
-------+----------+-------------------------------------------
     0 | D:1      | Denreik the Formicid Fighter began the quest for the Orb.
     0 | D:1      | Reached XP level 1. HP: 18/18 MP: 1/1
   431 | D:1      | Reached XP level 2. HP: 25/25 MP: 2/2
   721 | D:1      | Reached XP level 3. HP: 29/30 MP: 3/3
  1094 | D:2      | Found a sacrificial altar of Ru.
  1547 | D:2      | Found a bloodstained altar of Trog.
  1974 | D:3      | Reached XP level 4. HP: 37/37 MP: 4/4
  1978 | D:3      | Reached skill level 5 in Shields
  2237 | D:3      | Reached skill level 5 in Fighting
  2237 | D:3      | Reached XP level 5. HP: 32/44 MP: 5/5
  3296 | D:4      | Noticed an ogre
  3317 | D:4      | Killed an ogre
  3317 | D:4      | Reached XP level 6. HP: 53/53 MP: 6/6
  3458 | D:4      | Reached skill level 1 in Throwing
  3880 | D:4      | Reached XP level 7. HP: 35/59 MP: 7/7
  4579 | D:5      | Entered Level 5 of the Dungeon
  4646 | D:5      | Reached skill level 1 in Maces & Flails
  4686 | D:5      | Found Vopn's Book Shoppe.
  4724 | D:5      | Reached skill level 2 in Maces & Flails
  4887 | D:5      | Noticed Thargor's ghost (novice DDFi)
  5223 | D:5      | Reached skill level 3 in Maces & Flails
  5229 | D:5      | Found a glowing silver altar of Zin.
  5360 | D:5      | Noticed Ijyb
  5372 | D:5      | Killed Ijyb
  5381 | D:5      | Reached XP level 8. HP: 49/65 MP: 8/8
  5486 | D:5      | Reached skill level 4 in Maces & Flails
  6222 | D:5      | Reached skill level 5 in Maces & Flails
  6502 | D:6      | Noticed Edmund
  6750 | D:6      | Killed Edmund
  6750 | D:6      | Reached skill level 6 in Maces & Flails
  7107 | D:6      | Noticed Pikel
  7151 | D:6      | Killed Pikel
  7151 | D:6      | Reached skill level 8 in Maces & Flails
  7151 | D:6      | Reached XP level 9. HP: 34/70 MP: 9/9
  7635 | D:6      | Reached skill level 9 in Maces & Flails
  7655 | D:7      | Noticed a hippogriff
  7668 | D:7      | Killed a hippogriff
  7959 | D:7      | Found a staircase to the Ecumenical Temple.
  7983 | Temple   | Entered the Ecumenical Temple
  8119 | Temple   | Became a worshipper of Cheibriados the Contemplative
  8269 | D:7      | Noticed a hippogriff
  8277 | D:7      | Killed a hippogriff
  8277 | D:7      | Reached skill level 10 in Maces & Flails
  8608 | D:7      | Found a hide-covered altar of Uskayaw.
  8737 | D:7      | Reached XP level 10. HP: 73/79 MP: 10/10
  8752 | D:7      | Learned a level 1 spell: Infusion
  8755 | D:7      | Learned a level 2 spell: Shroud of Golubria
  8758 | D:7      | Learned a level 2 spell: Song of Slaying
  8762 | D:7      | Learned a level 3 spell: Spectral Weapon
  9377 | D:8      | Found a white marble altar of Elyvilon.
  9599 | D:8      | Reached * piety under Cheibriados
  9682 | D:8      | Reached skill level 1 in Spellcasting
  9684 | D:8      | Got a pair of dazzling boots
  9690 | D:8      | Identified the +0 pair of boots of the Secret Hells {Regen+ rCorr Str+3} (You found it on level 8 of the Dungeon)
  9744 | D:8      | You fall through a shaft for 2 floors!
  9744 | D:10     | Entered Level 10 of the Dungeon
  9758 | D:10     | You fall through a shaft for 3 floors!
  9988 | D:11     | Reached skill level 5 in Charms
 10083 | D:11     | Noticed Josephine
 10128 | D:11     | Killed from afar by Josephine

Skill      XL: |  1  2  3  4  5  6  7  8  9 10 |
---------------+-------------------------------+-----
Fighting       | 4 5 6 7 9 |  9.0
Shields        | 4 5 |  5.0
Throwing       | 3 4 |  4.1
Maces & Flails | 3 8 10 | 10.0
Spellcasting   | 1 |  1.1
Charms         | 6 |  6.3
Staves         | |  2.0
Armour         | |  3.2

Action                   |  1- 3 |  4- 6 |  7- 9 | 10-12 || total
-------------------------+-------+-------+-------+-------++-------
Melee: Mace              |    95 |   117 |   283 |       ||   495
       Flail             |       |       |    91 |   165 ||   256
Throw: Javelin           |       |     2 |    11 |     1 ||    14
       Tomahawk          |       |       |     6 |     2 ||     8
 Cast: Shroud of Golubri |       |       |       |     1 ||     1
       Song of Slaying   |       |       |       |     1 ||     1
 Abil: Dig               |       |     1 |     5 |     3 ||     9
       Shaft Self        |       |       |       |     1 ||     1
  Use: Potion            |       |       |     1 |     3 ||     4
       Scroll            |       |       |     5 |     1 ||     6
  Eat: Chunk             |     3 |     3 |    11 |     5 ||    22
       Ration            |       |     1 |     2 |       ||     3
Armor: Scale mail        |    66 |    50 |   101 |    33 ||   250
       Troll leather arm |       |       |       |    14 ||    14
Dodge: Dodged            |    37 |    42 |    93 |    54 ||   226
Block: Shield            |    71 |    73 |   175 |    88 ||   407
